 Dungeon Crawl Stone Soup version 0.31-a0-152-g6aa68a64a1 (webtiles) character file.

Game seed: 2216928183240629915

8756 qw the Skirmisher (level 11, -4/71 HPs)
             Began as a Gargoyle Hunter on June 8, 2023.
             Was a High Priest of Okawaru.
             Slain by a water moccasin (7 damage)
             ... on level 1 of the Lair of Beasts.
             The game lasted 00:03:46 (9169 turns).

qw the Skirmisher (Gargoyle Hunter)                 Turns: 9169, Time: 00:03:47

Health: -4/71      AC: 13    Str: 13    XL:     11   Next: 35%
Magic:  16/16      EV: 25    Int: 15    God:    Okawaru [*****.]
Gold:   614        SH:  0    Dex: 23    Spells: 10/10 levels left

rFire   + . .        Y - +0 orcbow
rCold   + . .        (shield currently unavailable)
rNeg    + . .        m - +1 robe {rC+ rF+}
rPois   inf          i - +1 helmet "Ethro" {Str-2 Int+5}
rElec   +            (no cloak)
rCorr   .            (no gloves)
SInv    .            (no boots)
Will    .....        (no amulet)
Stlth   ++++         j - +5 ring of evasion
HPRegen 0.31/turn    h - +6 ring of dexterity
MPRegen 0.15/turn

%: no passive effects
@: heroic
A: sickness immunity, AC +8, negative energy resistance 1, electricity
resistance, torment resistance 1, petrification resistance
a: Renounce Religion, Heroism, Finesse, Duel


You were on level 1 of the Lair of Beasts.
You worshipped Okawaru.
Okawaru was extremely pleased with you.
You visited 2 branches of the dungeon, and saw 11 of its levels.
You also visited: Sewer.

You collected 614 gold pieces.


Innate Abilities, Weirdness & Mutations

You are immune to sickness and miasma.
Your stone body is resilient. (AC +8)
You are immune to poison.
You resist negative energy. (rN+)
You are resistant to electric shocks. (rElec)
You are resistant to unholy torment.
You are immune to petrification.


   Skills:
 - Level 9.0(14.0) Fighting
 + Level 13.0(18.0) Ranged Weapons
 - Level 2.0(7.0) Armour
 - Level 5.0(10.0) Dodging
 - Level 1.1(6.1) Stealth
 + Level 7.4 Invocations


You had 10 spell levels left.
You didn't know any spells.
Your spell library was empty.

Inventory:

Hand Weapons
 Y - a +0 orcbow (weapon)
Armour
 i - the +1 helmet "Ethro" (worn) {Str-2 Int+5}
   (You acquired it on level 9 of the Dungeon)

   Str:       It affects your strength (-2).
   Int:       It affects your intelligence (+5).
 m - a +1 robe of resistance (worn)
 o - +0 swamp dragon scales
Jewellery
 h - a +6 ring of dexterity (right hand)
 j - a +5 ring of evasion (left hand)
 k - a ring of protection from fire
Scrolls
 a - 7 scrolls of identify
Potions
 b - a potion of magic
 c - a potion of mutation
 d - a potion of haste
 f - 2 potions of cancellation
 g - 8 potions of curing
 n - a potion of resistance

Dungeon Overview and Level Annotations

Branches:
Dungeon (10/15)            Temple (0/1) D:4            Lair (1/5) D:10
    Orc (0/2) D:9           Sewer (visited)

Altars:
Elyvilon
Okawaru
Sif Muna
Zin
Lugonu

Shops:
D:7 :

Portals:
Abyss: D:6

Annotations:
D:6 2 runed translucent doors


Message History

The spectral orc warrior seems to speed up.
The spectral orc warrior hits you but does no damage.
The spectral orc warrior completely misses you.
The spectral orc warrior closely misses you.
You shoot an arrow. The arrow closely misses Nergalle.
The water moccasin completely misses you.
The spectral orc warrior completely misses you.
Nergalle gestures at the spectral orc warrior while chanting.
The spectral orc warrior seems to speed up.
The spectral orc warrior completely misses you.
The spectral orc warrior closely misses you.
You shoot an arrow. The arrow completely misses Nergalle.
The spectral orc warrior barely misses you.
The water moccasin bites you but does no damage.
The spectral orc warrior completely misses you. x2
Nergalle closely misses you.
You shoot an arrow. The arrow hits Nergalle!
You kill Nergalle!
Okawaru is honoured by your kill.
The spectral orc warrior disappears in a puff of smoke!
The spectral orc knight disappears in a puff of smoke!
The spectral orc warrior disappears in a puff of smoke! x3
The water moccasin closely misses you.
Your base Fighting skill increases to level 9!
You shoot an arrow.
The arrow closely misses the water moccasin.
The water moccasin closely misses you.
You shoot an arrow. The arrow hits the water moccasin.
The water moccasin is lightly wounded.
The water moccasin misses you.
You shoot an arrow. The arrow hits the water moccasin.
The water moccasin is lightly wounded.
The water moccasin misses you.
You shoot an arrow. The arrow hits the water moccasin!
The water moccasin is moderately wounded.
The water moccasin misses you.
You shoot an arrow.
The arrow closely misses the water moccasin.
The water moccasin bites you!
You die...

######...####.#..#
#####..#####.P..#
.................##
..................#
#####..##.#####..##
#..###.####..#
..............#
...............#
###..##.##.##..@#
P. #..##)S.# ....##
......# ........#
........# ........#
........#


You could see a water moccasin.

Vanquished Creatures
  Fannar (D:10)
  Nergalle (Lair:1)
  Pikel (D:8)
  Joseph (D:9)
  Maggie (D:8)
  A komodo dragon (Lair:1)
  2 trolls (D:9)
  Grinder (D:6)
  Sigmund (D:6)
  2 wyverns (D:9)
  A shadow (D:10)
  A wraith (D:9)
  3 yaks (Lair:1)
  A steam dragon (D:9)
  Menkaure (D:6)
  An orc warrior (D:7)
  2 sky beasts
  3 black bears
  An ice beast (D:7)
  2 centaurs
  2 phantoms (D:5)
  2 kobold brigands
  6 bullfrogs
  A gnoll sergeant (D:5)
  21 wights
  6 killer bees (D:10)
  12 howler monkeys
  A jelly (D:5)
  2 hounds
  2 orc priests
  6 iguanas
  4 sleepcaps
  Natasha (thrice) (D:2)
  4 orc wizards
  9 adders
  13 gnolls (D:5)
  A worm (D:2)
  8 dart slugs
  22 orcs
  13 ball pythons
  6 bats
  8 endoplasms
  18 giant cockroaches
  9 goblins
  8 hobgoblins
  10 jackals
  14 kobolds
  9 quokkas
  10 frilled lizards
  6 rats
264 creatures vanquished.

Notes
Turn   | Place    | Note
-------+----------+-------------------------------------------
     0 | D:1      | qw the Gargoyle Hunter began the quest for the Orb.
     0 | D:1      | Reached XP level 1. HP: 12/12 MP: 1/1
     0 | D:1      | 0 ||| qw: Version: 0.2-a-120-gdf1a93b
     0 | D:1      | 0 ||| qw: Game counter: 3154
     0 | D:1      | 0 ||| qw: Always use a shield: true
     0 | D:1      | 0 ||| qw: God list: Okawaru
     0 | D:1      | 0 ||| qw: Allow faded altars: false
     0 | D:1      | 0 ||| qw: Do Orc after D:15 true
     0 | D:1      | 0 ||| qw: Do second Lair branch before Depths: true
     0 | D:1      | 0 ||| qw: Lair rune preference: random
     0 | D:1      | 0 ||| qw: Plans: Normal
     0 | D:1      | 0 ||| PLANNING D:1-11
    55 | D:1      | 55 ||| FLEEEEING.
    56 | D:1      | 56 ||| FLEEEEING.
    70 | D:1      | 70 ||| FLEEEEING.
    94 | D:1      | Reached XP level 2. HP: 17/17 MP: 2/2
   374 | D:1      | Reached XP level 3. HP: 21/21 MP: 3/3
   456 | D:1      | Reached skill level 5 in Ranged Weapons
   638 | D:1      | Found a faded altar of an unknown god.
   778 | D:1      | 778 ||| UPGRADING to +0 ring mail.
   788 | D:1      | 788 ||| DROPPING +0 leather armour.
   789 | D:1      | 789 ||| READING 2 scrolls labelled ZEBIOW SASISY.
   790 | D:1      | 790 ||| READING scroll labelled CIMAJEJ VUOT.
   791 | D:1      | 791 ||| READING scroll labelled SAWIDW CILAVENK.
   792 | D:1      | 792 ||| READING scroll labelled OLI WARPHIRUF.
   793 | D:1      | 793 ||| DRINKING 2 glowing dark potions.
   794 | D:1      | 794 ||| DROPPING scroll of butterflies.
   795 | D:1      | 795 ||| DROPPING potion of brilliance.
   951 | D:2      | Noticed Natasha
   964 | D:2      | Killed Natasha
   965 | D:2      | Reached XP level 4. HP: 15/27 MP: 4/4
   989 | D:2      | Noticed Natasha
   992 | D:2      | Killed Natasha
   993 | D:2      | Reached skill level 3 in Fighting
  1150 | D:2      | Reached XP level 5. HP: 32/32 MP: 5/5
  1296 | D:2      | Found an iron altar of Okawaru.
  1297 | D:2      | 1297 ||| PLANNING OKAWARU WORSHIP
  1297 | D:2      | 1297 ||| UPGRADING to +5 ring of evasion.
  1298 | D:2      | 1298 ||| READING scroll labelled ALAEKU PUOLESI.
  1299 | D:2      | 1299 ||| READING scroll labelled GEUMEPHUMM.
  1300 | D:2      | 1300 ||| READING 2 scrolls labelled ZEOGEIDWAE.
  1301 | D:2      | 1301 ||| READING scroll of enchant weapon.
  1301 | D:2      | 1301 ||| ENCHANTING +1 shortbow of draining.
  1302 | D:2      | 1302 ||| DRINKING 2 fuming black potions.
  1303 | D:2      | 1303 ||| READING 2 scrolls of identify.
  1303 | D:2      | 1303 ||| IDENTIFYING cyan potion
  1310 | D:2      | Became a worshipper of Warmaster Okawaru
  1310 | D:2      | 1310 ||| PLANNING D:1-11
  1348 | D:2      | Noticed Natasha
  1351 | D:2      | Killed Natasha
  1470 | D:2      | 1470 ||| DRINKING 2 lumpy puce potions.
  1486 | D:3      | 1486 ||| PLANNING SEWER
  1859 | D:3      | Found a glowing drain.
  1862 | D:3      | 1862 ||| DRINKING 2 blue potions.
  1885 | Sewer    | Entered a sewer
  1890 | Sewer    | 1890 ||| Stepping ~*~*~tactically~*~*~ (water).
  1893 | Sewer    | 1893 ||| Stepping ~*~*~tactically~*~*~ (water).
  1899 | Sewer    | 1899 ||| Stepping ~*~*~tactically~*~*~ (water).
  1946 | Sewer    | Reached skill level 6 in Ranged Weapons
  2005 | Sewer    | 2005 ||| Stepping ~*~*~tactically~*~*~ (water).
  2007 | Sewer    | Reached XP level 6. HP: 38/38 MP: 6/6
  2013 | Sewer    | 2013 ||| Stepping ~*~*~tactically~*~*~ (water).
  2064 | Sewer    | 2064 ||| Stepping ~*~*~tactically~*~*~ (water).
  2334 | Sewer    | 2334 ||| READING 4 scrolls labelled KAG LUZAMOSEBI.
  2335 | Sewer    | 2335 ||| DROPPING 3 scrolls of magic mapping.
  2355 | D:3      | 2355 ||| PLANNING D:1-11
  2583 | D:3      | 2583 ||| READING scroll labelled NUNOYR JEFFOGAE.
  2620 | D:4      | Found a staircase to the Ecumenical Temple.
  2667 | D:4      | Reached * piety under Okawaru
  2668 | D:4      | Reached skill level 7 in Ranged Weapons
  3120 | D:4      | Reached XP level 7. HP: 43/43 MP: 7/7
  3203 | D:4      | 3203 ||| UPGRADING to +0 helmet.
  3208 | D:4      | 3208 ||| READING scroll labelled PEMUDDIE WUITE.
  3309 | D:4      | 3309 ||| READING 3 scrolls of identify.
  3309 | D:4      | 3309 ||| IDENTIFYING ruby potion
  3310 | D:4      | 3310 ||| DROPPING potion of lignification.
  3313 | D:5      | Entered Level 5 of the Dungeon
  3331 | D:5      | 3331 ||| INVOKING Heroism.
  3388 | D:5      | Reached skill level 1 in Invocations
  3397 | D:5      | 3397 ||| INVOKING Heroism.
  3606 | D:5      | Reached skill level 8 in Ranged Weapons
  3656 | D:5      | Reached skill level 3 in Invocations
  3680 | D:5      | 3680 ||| READING scroll of enchant weapon.
  3680 | D:5      | 3680 ||| ENCHANTING +2 shortbow of draining.
  3756 | D:5      | Reached XP level 8. HP: 44/48 MP: 10/10
  3867 | D:5      | 3867 ||| INVOKING Heroism.
  4175 | D:5      | 4175 ||| INVOKING Heroism.
  4433 | D:5      | 4433 ||| UPGRADING to +6 ring of dexterity.
  4434 | D:5      | 4434 ||| READING scroll labelled PACI SEPIWO.
  4535 | D:6      | Found a one-way gate to the infinite horrors of the Abyss.
  4535 | D:6      | Identified the +7 short sword of Satyriasis {distort, rF+
                  | Dex+4}
  4658 | D:6      | Found a large runed translucent door.
  4658 | D:6      | Found a large runed translucent door.
  4661 | D:6      | Found a corrupted altar of Lugonu.
  4667 | D:6      | Noticed Menkaure
  4668 | D:6      | 4668 ||| INVOKING Heroism.
  4672 | D:6      | Killed Menkaure
  4731 | D:6      | Noticed Sigmund
  4732 | D:6      | 4732 ||| INVOKING Heroism.
  4736 | D:6      | Killed Sigmund
  4736 | D:6      | Reached ** piety under Okawaru
  4737 | D:6      | Reached skill level 9 in Ranged Weapons
  5193 | D:6      | Noticed Grinder
  5194 | D:6      | 5194 ||| INVOKING Heroism.
  5203 | D:6      | Killed Grinder
  5204 | D:6      | Reached skill level 6 in Fighting
  5204 | D:6      | Reached XP level 9. HP: 56/56 MP: 10/12
  5362 | D:6      | 5362 ||| INVOKING Heroism.
  5385 | D:6      | Reached skill level 3 in Dodging
  5483 | D:6      | 5483 ||| READING 5 scrolls of identify.
  5483 | D:6      | 5483 ||| IDENTIFYING murky pink potion
  5501 | D:7      | 5501 ||| STAIRDANCE
  5766 | D:7      | Reached skill level 10 in Ranged Weapons
  5770 | D:7      | 5770 ||| Stepping ~*~*~tactically~*~*~ (outnumbered).
  6125 | D:7      | 6125 ||| INVOKING Heroism.
  6199 | D:7      | Found Geugollu's Book Emporium.
  6496 | D:7      | 6496 ||| UPGRADING to +1 robe of cold resistance.
  6506 | D:7      | 6506 ||| UPGRADING to +1 robe of resistance.
  6516 | D:7      | 6516 ||| DROPPING +1 robe of cold resistance.
  6575 | D:8      | 6575 ||| INVOKING Heroism.
  6669 | D:8      | Found a glowing silver altar of Zin.
  6671 | D:8      | Found a shimmering blue altar of Sif Muna.
  6671 | D:8      | Found a white marble altar of Elyvilon.
  6900 | D:8      | Reached *** piety under Okawaru
  6908 | D:8      | Noticed Maggie
  6921 | D:8      | Killed Maggie
  6922 | D:8      | Reached skill level 11 in Ranged Weapons
  6922 | D:8      | Reached XP level 10. HP: 63/63 MP: 13/13
  7034 | D:8      | Noticed Pikel
  7041 | D:8      | Killed Pikel
  7145 | D:8      | 7145 ||| INVOKING Heroism.
  7409 | D:8      | 7409 ||| DROPPING +0 ring mail.
  7410 | D:8      | 7410 ||| DROPPING +4 ring of protection.
  7411 | D:8      | 7411 ||| READING 8 scrolls of identify.
  7411 | D:8      | 7411 ||| IDENTIFYING smoky dark potion
  7412 | D:8      | 7412 ||| READING 7 scrolls of identify.
  7412 | D:8      | 7412 ||| IDENTIFYING metallic black potion
  7413 | D:8      | 7413 ||| DROPPING potion of enlightenment.
  7433 | D:9      | Noticed Joseph
  7441 | D:9      | Killed Joseph
  7457 | D:9      | Reached **** piety under Okawaru
  7464 | D:9      | Reached skill level 12 in Ranged Weapons
  7484 | D:9      | 7484 ||| SWAPPING to +0 orcbow.
  7485 | D:9      | 7485 ||| DROPPING +3 shortbow of draining.
  7527 | D:9      | 7527 ||| INVOKING Heroism.
  7570 | D:9      | Found a staircase to the Orcish Mines.
  7646 | D:9      | 7646 ||| FLEEEEING.
  7647 | D:9      | 7647 ||| FLEEEEING.
  7658 | D:9      | 7658 ||| FLEEEEING.
  7659 | D:9      | 7659 ||| FLEEEEING.
  7720 | D:9      | 7720 ||| INVOKING Heroism.
  7850 | D:9      | 7850 ||| INVOKING Heroism.
  7891 | D:9      | Noticed an ice statue
  7892 | D:9      | 7892 ||| INVOKING Heroism.
  7926 | D:9      | 7926 ||| INVOKING Heroism.
  7933 | D:9      | 7933 ||| FLEEEEING.
  7934 | D:9      | 7934 ||| FLEEEEING.
  7935 | D:9      | 7935 ||| FLEEEEING.
  7936 | D:9      | 7936 ||| FLEEEEING.
  7937 | D:9      | 7937 ||| FLEEEEING.
  7938 | D:9      | 7938 ||| FLEEEEING.
  7939 | D:9      | 7939 ||| FLEEEEING.
  7940 | D:9      | 7940 ||| FLEEEEING.
  7941 | D:9      | 7941 ||| FLEEEEING.
  7942 | D:9      | 7942 ||| FLEEEEING.
  7943 | D:9      | 7943 ||| FLEEEEING.
  7944 | D:9      | 7944 ||| FLEEEEING.
  8308 | D:9      | 8308 ||| READING scroll labelled GAECZE TOHU.
  8308 | D:9      | Identified a scroll of acquirement
  8308 | D:9      | 8308 ||| ACQUIRING +1 helmet "Ethro" {Str-2 Int+5}
  8308 | D:9      | Acquired the +1 helmet "Ethro" {Str-2 Int+5}
  8310 | D:9      | 8310 ||| UPGRADING to +1 helmet "Ethro" {Str-2 Int+5}.
  8320 | D:9      | 8320 ||| DROPPING +0 helmet.
  8339 | D:10     | Entered Level 10 of the Dungeon
  8350 | D:10     | Noticed Fannar
  8360 | D:10     | 8360 ||| INVOKING Heroism.
  8369 | D:10     | Killed Fannar
  8370 | D:10     | Reached XP level 11. HP: 35/69 MP: 13/15
  8504 | D:10     | 8504 ||| Stepping ~*~*~tactically~*~*~ (outnumbered).
  8506 | D:10     | 8506 ||| Stepping ~*~*~tactically~*~*~ (outnumbered).
  8558 | D:10     | Reached skill level 6 in Invocations
  8722 | D:10     | Reached ***** piety under Okawaru
  8731 | D:10     | Reached skill level 13 in Ranged Weapons
  8793 | D:10     | Found a staircase to the Lair.
  8968 | D:10     | 8968 ||| PLANNING LAIR
  9000 | Lair:1   | Entered Level 1 of the Lair of Beasts
  9037 | Lair:1   | 9037 ||| INVOKING Heroism.
  9136 | Lair:1   | Noticed Nergalle
  9137 | Lair:1   | 9137 ||| INVOKING Heroism.
  9151 | Lair:1   | HP: 15/69 [spectral orc warrior/+0 flail[Nergalle] (5)]
  9153 | Lair:1   | HP: 5/69 [Nergalle/+0 dagger (5)]
  9160 | Lair:1   | HP: 1/69 [water moccasin (2)]
  9164 | Lair:1   | Killed Nergalle
  9165 | Lair:1   | Reached skill level 9 in Fighting
  9169 | Lair:1   | Slain by a water moccasin

Levels and vault maps discovered:
D:1:      dpeg_arrival_ternary, layout_loops_ring,
          hellmonk_ecumenical_altar_defaced_shrine, minmay_tetromino_l4
D:2:      layout_basic, basic_altar, minmay_between, uniq_natasha
D:3:      layout_basic, gup_sewer_entry_glass
D:4:      layout_basic, minmay_temple_entry_statues_fountains, nicolae_titane
D:5:      layout_loops_corners
D:6:      due_chaos_kobolds, layout_loops_ring, serial_co_window_serial,
          co_window_corner_a, co_window_cross_1, co_window_corner_a,
          co_window_paths_a, co_window_corner_a, co_window_2corner,
          co_window_corner_b, co_window_unsneaky_path_c, co_window_corner_b,
          glass_columns_a, glass_columns_a, glass_columns_b, glass_columns_b,
          amethyst_killhole, uniq_grinder, uniq_sigmund, uniq_menkaure
D:7:      layout_basic, serial_shops, shop
D:8:      layout_loops_ring, minitemple, uniq_maggie, uniq_pikel
D:9:      lemuel_ice_statue, layout_irregular_city, david_orc_2,
          amcnicky_mini_rare_corridor_liquid, uniq_joseph
D:10:     layout_roguey, lair_entry_dummy, minmay_misc_feat_four_crosses,
          uniq_fannar
Lair:1:   layout_long_grid, grunt_megastairs_2, serial_bayou_shore_b,
          uniq_harold, uniq_nergalle

Skill      XL: |  1  2  3  4  5  6  7  8  9 10 11 |
---------------+----------------------------------+-----
Ranged Weapons | 5 6 7 8 9 11 12 13 | 13.0
Armour         | 2 |  2.0
Fighting       | 3 4 6 7 8 9 |  9.0
Invocations    | 3 4 5 7 |  7.4
Dodging        | 2 4 5 |  5.0
Stealth        | |  1.1

Action                     |  1- 3 |  4- 6 |  7- 9 | 10-12 || total
---------------------------+-------+-------+-------+-------++-------
   Fire: Shortbow          |   125 |   182 |   290 |    70 ||   667
         Orcbow            |       |       |       |   243 ||   243
 Invoke: Heroism           |       |       |    10 |     9 ||    19
    Use: Scroll            |     4 |     7 |     5 |     3 ||    19
         Potion            |     1 |     3 |       |       ||     4
 Armour: Leather armour    |    20 |       |       |       ||    20
         Ring mail         |     1 |    13 |    24 |       ||    38
         Robe              |       |       |     4 |    28 ||    32
  Dodge: Dodged            |    37 |    47 |    91 |   190 ||   365

Table legend:
 A = Non-vault XP
 B = Vault XP
 C = Vault XP percentage of total XP
 D = Non-vault monster count
 E = Vault monster count
 F = Vault count percentage of total count
                 A         B        C        D         E       F
            +---------+---------+-------+---------+---------+-------
      Total |    8318 |    4191 |  33.5 |     194 |      70 |  26.5
            +---------+---------+-------+---------+---------+-------
        D:1 |      37 |      31 |  45.6 |      21 |      12 |  36.4
        D:2 |     116 |      44 |  27.5 |      25 |       6 |  19.4
        D:3 |      35 |      17 |  32.7 |      14 |       3 |  17.6
        D:4 |      97 |       0 |   0.0 |       9 |       0 |   0.0
        D:5 |     940 |       0 |   0.0 |      31 |       0 |   0.0
        D:6 |     311 |     689 |  68.9 |       9 |       3 |  25.0
        D:7 |    1133 |       0 |   0.0 |      23 |       0 |   0.0
        D:8 |    1157 |    1014 |  46.7 |      19 |       2 |   9.5
        D:9 |    1824 |     463 |  20.2 |      14 |       9 |  39.1
       D:10 |    1550 |     883 |  36.3 |      23 |       1 |   4.2
     Lair:1 |    1118 |     775 |  40.9 |       6 |       1 |  14.3
      Sewer |       0 |     275 | 100.0 |       0 |      33 | 100.0
            +---------+---------+-------+---------+---------+-------
